 BcadrenCrawl: Boulder Brew version 0.06.7.3 (webtiles) character file.

Game seed: 86975398973207806

17 emperorscorpion the Unbeliever (level 2, 0/32 HPs) Lignifite Demonspawn. Began on Aug 7, 2023. Succumbed to a hobgoblin's poison ... on level 1 of the Dungeon. The game lasted 00:00:42 (171 turns).

emperorscorpion the Unbeliever (LiDs)                Turns: 171, Time: 00:00:43

Health: 0/32       AC:  1    Str: 19    XL:     2 ^: 16
Magic:  5/5        EV: 17    Int: 13    God:
Gold:   30         SH:  1    Dex:  7    Spells: 2/3 levels left

rFire    x . .     Slash    .     - Unarmed
rCold    . . .     Pierce   +     - Unarmed
rNeg     . . .     Bludgeon .   a - +0 robe
rCorr    . . .     Vision   .   (helmet restricted)
rPois    +         Gourm    .   (no cloak)
rElec    .         Faith    .   (gloves unavailable)
MR       .....     Spirit   .   (boots unavailable)
HPRegen  0.20/turn Reflect  .   (no amulet)
MPRegen  0.15/turn Harm     .   (no ring) Stlth +.........Rampage .
                                (no ring)

@: lethally poisoned (0 -> -1), very quick
A: very small, unfitting armour, branches (SH +, deformed body 1, speed 3,
poison resistance, powered by death 1, slow metabolism 1, torment resistance,
plant, woody flesh (rF-) 1, rot immunity, barkskin
a: no special abilities


You were on level 1 of the Dungeon.
You were not hungry.

You visited 1 branch of the dungeon, and saw 1 of its levels.

You collected 30 gold pieces.

Inventory:

Armour
 a - a +0 robe (worn)
Potions
 d - a potion of might
Comestibles
 b - 9 chunks of flesh
 c - a ration


   Skills:
 + Level 1.0 Fighting
 + Level 3.0 Dodging
 - Level 1.8 Stealth
 + Level 2.3 Unarmed Combat
 - Level 1.1 Spellcasting
 - Level 1.6 Fire Magic
 - Level 3.1 Invocations


You had 2 spell levels left.
You knew the following spells:

 Your Spells              Type           Power        Failure   Level  Hunger
a - Flame Tongue          Fire           4 (30)       14%         1    26-46

Your spell library contained the following spells:

 Spells                   Type           Power        Failure   Level  Hunger
 Slow Hex 0 (100) 28% 1 26-46 Blink Tloc N/A 38% 2 66-106 Conjure Flame Fire 4 (100) 38% 3 106-166 Call Chameleon Summ 0 (200) 63% 3 106-166 Mephitic Cloud Pois/Air       0 (100)      63%         3    106-166


Dungeon Overview and Level Annotations

Branches:
Dungeon (1/8)

Altars:


Innate Abilities, Weirdness & Mutations

You are very small and have problems with some larger weapons.
You are too small for most types of armour.
A tangle of shorter branches protects your body from attack. (SH +1)
Armour fits poorly on your strangely shaped body.
You cover ground extremely quickly.
Your system is resistant to poisons. (rPois)
You regenerate a little health from kills.
You have a slow metabolism.
You are immune to unholy pain and torment.
You require very little carbon dioxide to survive.
Your woody flesh burns easily. (rF-)
You are immune to rotting.
Your bark is difficult to pierce. (rPiercing+)


Message History

* * * LOW HITPOINT WARNING * * *
You feel sick. (1)
You see here a bat corpse.
You butcher the bat corpse.
You feel sick. (1)
b - 9 chunks of flesh (gained 1)
You see here a bat skeleton.
You feel sick. (1)
* * * LOW HITPOINT WARNING * * *
You feel sick. (1)
There is a lethal amount of poison in your body!
Okay, then.
There is a lethal amount of poison in your body!
* * * LOW HITPOINT WARNING * * *
You feel sick. (1)
* * * LOW HITPOINT WARNING * * *
You feel sick. (1)
* * * LOW HITPOINT WARNING * * *
You feel sick. (1)
You die...

#≈≈... ...... #
....#.# .
..#.#.#.#
#.#.#.#.###
#.#.#.....#
#)#.#.#.#.# # #.#
.#@?.......# ##.
#.# .###...#.#.#
.. #.#..#
##)†....# ..#.#).#
#.)#.#.#
.#.#..####..#.#
...........#.#.#.#
#...........!.....
#.#..##.#..######.
####÷#..##.#..#


There were no monsters in sight!

Vanquished Creatures
  A cinder newt (D:1)
  A leopard gecko (D:1)
  A goblin (D:1)
  2 hobgoblins (D:1)
  2 bats (D:1)
  3 kobolds (D:1)
  A rat (D:1)
11 creatures vanquished.

Notes
Turn   | Place    | Note
-------+----------+-------------------------------------------
     0 | D:1      | emperorscorpion the Lignifite Demonspawn began the quest
                  | for the Orb.
     0 | D:1      | Reached XP level 1. HP: 24/24 MP: 4/4
    54 | D:1      | Gained mutation: You regenerate a little health from kills.
                  | [demonic ancestry]
    54 | D:1      | Reached XP level 2. HP: 32/32 MP: 5/5
   158 | D:1      | HP: 1/32 [poisoned by a hobgoblin]
   166 | D:1      | HP: 1/32 [poisoned by a hobgoblin]
   171 | D:1      | Succumbed to a hobgoblin's poison

Illustrated notes

Levels and vault maps discovered:
D:1:      eino_arrival_druids_welcome, layout_loops_ring, gup_sewer_entry_spiral

Skill      XL: |  1  2 |
---------------+-------+-----
Dodging        | 3 |  3.0
Fighting       | |  1.0
Stealth        | |  1.8
Unarmed Combat | |  2.3
Spellcasting   | |  1.1
Fire Magic     | |  1.6
Invocations    | |  3.1

Action                   || total
-------------------------++-------
Melee: Unarmed           ||    59
Dodge: Dodged            ||    10
